 Dungeon Crawl Stone Soup version 0.22-a0-268-g1cc83efe17 (webtiles) character file.

5 Manul the Ducker (level 1, -25/11 HPs)
             Began as a Spriggan Abyssal Knight on Mar 9, 2018.
             Was a Follower of Lugonu.
             Killed from afar by a wretched star (32 damage)
             ... with an orb of energy
             ... on level 1 of the Abyss.
             The game lasted 00:00:25 (164 turns).

Manul the Ducker (Spriggan Abyssal Knight)           Turns: 164, Time: 00:00:26

Health: -25/11     AC:  1    Str:  8    XL:     1   Next: 66%
Magic:  3/3        EV: 18    Int: 13    God:    Lugonu [*.....]
Gold:   0          SH:  0    Dex: 11    Spells: 0/0 levels left

rFire    . . .     SeeInvis +   a - +1 short sword
rCold    . . .     Gourm    .   (shield restricted)
rNeg     . . .     Faith    .   b - +0 robe
rPois    .         Spirit   .   (helmet restricted)
rElec    .         Reflect  .   (no cloak)
rCorr    .         Harm     .   (gloves unavailable)
MR       .....     Rnd*Rage +   (boots unavailable)
Stlth    +.........             (no amulet)
HPRegen  0.00/turn              (no ring)
MPRegen  0.08/turn              (no ring)

@: very quick
A: very small, unfitting armour, see invisible, [berserk 2], [clumsy 2],
[deformed body], [deterioration 2], herbivore, speed 3, [screaming 2],
[inhibited regeneration], slow metabolism 2, [subdued magic 2]
a: Depart the Abyss, Renounce Religion


You were on level 1 of the Abyss.
You worshipped Lugonu.
Lugonu was aware of your devotion.
You were not hungry.

You visited 0 branches of the dungeon, and saw 0 of its levels.
You visited the Abyss 1 time.

Inventory:

Hand Weapons
 a - a +1 short sword (weapon)
Armour
 b - a +0 robe (worn)
Comestibles
 c - 2 rations


   Skills:
 + Level 2.5 Fighting
 + Level 2.3 Short Blades
 + Level 3.7 Dodging
 + Level 1.8 Invocations


You couldn't memorise any spells.
You didn't know any spells.

Dungeon Overview and Level Annotations

Branches:
Dungeon (0/15)

Altars:


Innate Abilities, Weirdness & Mutations

You are very small and have problems with some larger weapons.
You are too small for most types of armour.
You have supernaturally acute eyesight. (SInv)
You are a herbivore.
You cover ground extremely quickly.
You need to consume almost no food.
[You often lose your temper in combat.]
[You are very clumsy. (Dex -4)]
[Armour fits poorly on your strangely shaped body.]
[Your body often deteriorates upon taking damage.]
[You sometimes yell uncontrollably at your foes.]
[You do not regenerate when monsters are visible.]
[Your spells are easier to cast, but less powerful.]


Message History

You feel clumsy. x2
You barely miss the ufetubus.
The ufetubus is moderately wounded.
The ufetubus misses you. The ufetubus hits you. The ufetubus misses you. x2
You hit the ufetubus.
You kill the ufetubus!
You closely miss the wretched star.
The wretched star pulses with an eldritch light!
You feel a little pissed off.
You feel angry.
You hit the wretched star but do no damage.
The wretched star pulses with an eldritch light!
Your regeneration stops near monsters.
You closely miss the wretched star.
The wretched star glows turbulently.
The orb of energy misses you.
The orb of energy explodes!
You hit the wretched star but do no damage.
The wretched star glows turbulently.
The orb of energy hits you!
Ouch! That really hurt!
You die...

. # # .#..#..# .
.... . . # #
..###...## ..#
..#... ##.#...#
#.. .. .. .....#
.# #
.#..*.....### [
##...#[#.#...#@#
# # . .#.....*.#
# ####
.....##.###
...#.########...
#.##.x.####
##.#.. . .... .
.. §# .. ..#...
.#. #.§#.###
...# # ...#...
.. . . .# ....#


You could see a wretched star.

Vanquished Creatures
  An ufetubus (Abyss:1)
1 creature vanquished.

Notes
Turn   | Place    | Note
-------+----------+-------------------------------------------
     0 | Abyss:1  | Manul the Spriggan Abyssal Knight began the quest for the Orb.
     0 | Abyss:1  | Reached XP level 1. HP: 11/11 MP: 3/3
    77 | Abyss:1  | Noticed a small abomination
   119 | Abyss:1  | Noticed a freezing wraith
   139 | Abyss:1  | Noticed a wretched star
   164 | Abyss:1  | Killed from afar by a wretched star

Vault maps used:
Abyss:1:  hangedman_stitches_earthworm

Action                   || total
-------------------------++-------
Melee: Short sword       ||    12
Dodge: Dodged            ||    28

Table legend:
 A = Spawn XP
 B = Non-spawn XP
 C = Spawn XP percentage of total XP
 D = Spawn monster count
 E = Non-spawn monster count
 F = Spawn count percentage of total count
 G = Total turns spent on level
                    A         B        C        D         E        F      G
               +---------+---------+-------+---------+---------+-------+---------
         Total |       0 |       8 |   0.0 |       0 |       1 |   0.0 |   164
               +---------+---------+-------+---------+---------+-------+---------
       Abyss:1 |       0 |       8 |   0.0 |       0 |       1 |   0.0 |   164
               +---------+---------+-------+---------+---------+-------+---------
